 Dungeon Crawl Stone Soup version 0.28.0-53-g5a82cb258f (webtiles) character file.

Game seed: 1424921044167983380

82840 MalarOregon the Severer (level 15, -20/134 HPs)
             Began as a Palentonga Fighter on June 14, 2022.
             Was a High Priest of the Shining One.
             Killed from afar by a blizzard demon (21 damage)
             ... with a bolt of lightning
             ... in a Gauntlet.
             The game lasted 00:49:31 (30728 turns).

MalarOregon the Severer (Palentonga Fighter)       Turns: 30728, Time: 00:49:32

Health: -20/134    AC: 22    Str: 25    XL:     15   Next: 30%
Magic:  17/22      EV:  7    Int:  8    God:    the Shining One [*****.]
Gold:   122        SH: 12    Dex: 12    Spells: 14/14 levels left

rFire   . . .      SeeInvis +   a - +1 war axe (elec)
rCold   + + +      Faith    .   c - +0 buckler
rNeg    + + +      Spirit   .   u - +4 skin of Zhor {*Englaciate rC+++ SInv}
rPois   +          Reflect  +   D - +1 hat
rElec   .          Harm     .   n - +0 cloak
rCorr   .          Rampage  .   g - +0 pair of gloves
Will    +....      NoTele   +   U - +0 barding {Fly}
Stlth   +.........              k - amulet of reflection
HPRegen 0.32/turn               K - ring of positive energy
MPRegen 0.18/turn               T - ring of poison resistance

@: flying, glowing, studying Maces & Flails, curled up
A: large, rugged brown scales 3, see invisible, deformed body, roll 1, armoured
tail, reflexive curl
a: Rolling Charge, Renounce Religion, Divine Shield, Cleansing Flame, Summon
Divine Warrior


You were in a Gauntlet.
You worshipped the Shining One.
The Shining One was extremely pleased with you.
You visited 4 branches of the dungeon, and saw 20 of its levels.
You also visited: Ossuary, Gauntlet and Ice Cave.

You collected 1909 gold pieces.
You spent 1787 gold pieces at shops.


Innate Abilities, Weirdness & Mutations

You are completely covered in rugged brown scales. (AC +3, +7% HP)
You have supernaturally acute eyesight. (SInv)
Armour fits poorly on your strangely shaped body.
You can roll at nearby foes to attack.
You have a long armoured tail.
You curl defensively after being hit. (AC +7*)


   Skills:
 + Level 14.0 Fighting
 - Level 16.0 Axes
 - Level 2.4 Armour
 + Level 11.9 Shields
 + Level 9.6 Invocations
 + Level 8.1 Evocations


You had 14 spell levels left.
You didn't know any spells.
Your spell library contained the following spells:

 Spells                   Type           Power      Damage    Failure   Level
 Apportation              Tloc           0%         N/A       43%         1
 Beastly Appendage        Tmut           0%         N/A       43%         1
 Slow                     Hex            0%         N/A       43%         1
 Sting                    Tmut/Pois      0%         1d3       43%         1
 Summon Small Mammal      Summ           0%         N/A       43%         1
 Ensorcelled Hibernation  Hex/Ice        0%         N/A       58%         2
 Passwall                 Tmut/Erth      0%         N/A       58%         2
 Poisonous Vapours        Pois/Air       0%         N/A       58%         2
 Static Discharge         Conj/Air       0%         N/A       58%         2
 Wereblood                Tmut           0%         N/A       58%         2
 Call Canine Familiar     Summ           0%         N/A       82%         3
 Confusing Touch          Hex            0%         N/A       82%         3
 Ozocubu's Armour         Ice            0%         N/A       82%         3
 Spider Form              Tmut/Pois      0%         N/A       82%         3
 Summon Guardian Golem    Hex/Summ       0%         N/A       82%         3
 Swiftness                Air            0%         N/A       82%         3
 Vampiric Draining        Necr           0%         2d6       82%         3
 Anguish                  Hex/Necr       0%         N/A       99%         4
 Dispel Undead            Necr           0%         3d6       99%         4
 Hailstorm                Conj/Ice       0%         3d3       99%         4
 Ice Form                 Ice/Tmut       0%         N/A       99%         4
 Olgreb's Toxic Radiance  Pois           0%         N/A       99%         4
 Alistair's Intoxication  Tmut/Pois      0%         N/A       100%        5
 Blade Hands              Tmut           0%         N/A       100%        5
 Irradiate                Conj/Tmut      0%         3d13      100%        5
 Lightning Bolt           Conj/Air       0%         1d11      100%        5
 Conjure Ball Lightning   Conj/Air       0%         3x3d6     100%        6
 Simulacrum               Ice/Necr       0%         N/A       100%        6
 Dragon Form              Tmut           0%         N/A       100%        7
 Ozocubu's Refrigeration  Ice            0%         4d5       100%        7
 Discord                  Hex            0%         N/A       100%        8
 Disjunction              Tloc           0%         N/A       100%        8
 Maxwell's Capacitive Co  Air            0%         ∞         100%        8

Inventory:

Hand Weapons
 a - a +1 war axe of electrocution (weapon)
   (You took it off an orc on level 7 of the Dungeon)
 b - a +2 flail of freezing
   (You took it off a wight on level 8 of the Dungeon)
 e - the +6 hunting sling of Breach {speed, rElec Dex+2}
   (You found it on level 1 of the Lair of Beasts)

   Attacks with this weapon are significantly faster.
   Dex:       It affects your dexterity (+2).
   rElec:     It insulates you from electricity.
 j - the +6 war axe of Trauma {vorpal, rF+}
   (You bought it in a shop on level 2 of the Orcish Mines)

   It inflicts extra damage upon your enemies.
   rF:        It protects you from fire.
 w - a +6 hand axe of venom
   (You found it on level 6 of the Lair of Beasts)
 L - a +3 spectral war axe
   (You took it off a wight on level 10 of the Dungeon)
Missiles
 H - a throwing net {!f}
Armour
 c - a +0 buckler (worn)
 g - a +0 pair of gloves (worn)
   (You found it on level 1 of the Dungeon)
 n - a +0 cloak (worn)
   (You found it on level 6 of the Dungeon)
 u - the +4 skin of Zhor (worn) {*Englaciate rC+++ SInv}
   (You found it in an ice cave)

   It radiates cold, occasionally slowing all nearby creatures who are not
   resistant to cold.
   rC:        It renders you almost immune to cold.
   SInv:      It lets you see invisible.
 D - a +1 hat (worn)
   (You found it on level 4 of the Dungeon)
 I - a +1 scale mail of poison resistance
   (You took it off Harold on level 8 of the Dungeon)
 M - a +2 leather armour of fire resistance
   (You found it on level 2 of the Lair of Beasts)
 U - a +0 barding of flying (worn)
   (You took it off Nessos on level 2 of the Orcish Mines)
Jewellery
 k - an amulet of reflection (around neck)
   (You took it off a goblin on level 2 of the Dungeon)
 K - a ring of positive energy (left hand)
   (You found it on level 9 of the Dungeon)
 T - a ring of poison resistance (right hand)
   (You found it on level 6 of the Lair of Beasts)
Wands
 d - a wand of iceblast (6)
   (You found it on level 7 of the Dungeon)
 h - a wand of mindburst (7)
   (You found it on level 1 of the Lair of Beasts)
 t - a wand of flame (15)
   (You took it off Jessica on level 2 of the Dungeon)
 x - a wand of acid (4)
   (You found it on level 5 of the Lair of Beasts)
Scrolls
 f - 3 scrolls of noise {!r}
 i - 5 scrolls of vulnerability {!r}
 m - 4 scrolls of summoning
 o - 11 scrolls of teleportation {@r4}
 p - a scroll of brand weapon
 q - a scroll of fog
 r - 6 scrolls of immolation {!r}
 s - a scroll of holy word
 y - 9 scrolls of enchant weapon
 z - 2 scrolls of fear
 A - 2 scrolls of acquirement
 B - 3 scrolls of enchant armour
 E - 7 scrolls of blinking
 N - 2 scrolls of magic mapping
 O - 2 scrolls of amnesia
 S - a scroll of identify {@r1}
Potions
 l - 9 potions of curing {@q1}
 v - 4 potions of haste {@q3}
 C - 4 potions of lignification {!q}
 F - 4 potions of heal wounds {@q2}
 G - 8 potions of mutation {!q}
 P - a potion of brilliance
 Q - a potion of flight
 R - 4 potions of might
 V - a potion of ambrosia
 W - a potion of magic
 X - 2 potions of resistance
Miscellaneous
 J - a lightning rod (4/4) {!a}
   (You found it on level 9 of the Dungeon)

Dungeon Overview and Level Annotations

Branches:
Dungeon (11/15)            Temple (1/1) D:5            Lair (6/6) D:10
 Shoals (0/4) Lair:4        Snake (0/4) Lair:2        Slime (0/5) Lair:6
    Orc (2/2) D:10            Elf (0/3) Orc:2       Ossuary (visited)
  IceCv (visited)         Gauntlet (1/1)

Altars:
Ashenzari
Cheibriados
Dithmenos
Elyvilon
Fedhas
Gozag
Hepliaklqana
Kikubaaqudgha
Makhleb
Nemelex Xobeh
Okawaru
Qazlal
Ru
Sif Muna
Trog
Uskayaw
Vehumet
Wu Jian
Xom
Yredelemnul
Zin
The Shining One

Shops:
D:3 *   Orc:2 *([

Portals:
Hell: Lair:6

Annotations:
Lair:1 2 transporters, Ashen's ghost, journeyman FoFi Gauntlet 11 transporters, 2 runed translucent doors

################≈#≈#≈#≈#
##§#§#≈#§#≈#§#§#.....§§..
#§§§.......§§§........8..
##.8.....8.....8.........
#§...............########
##...#########...#sy.....
#§...###..○..#...#ss#####
##§..####°##=#######....#
#§§..#°2@°##"#...##.####.
##§8©#○#○©.#©#©8©#.## .#
#≈...#.##○..?#...#.#.####
##...#.##.########.##....
#≈...#2....###...#.^#####
##§..#########...#^......
#§...............########
##.8.....8.....8.........
##.....................8..


You could see a blizzard demon.


Message History

Found an embroidered scarf.
Found a potion of invisibility.
The torpor snail briefly extends its eye-stalks.
Found a scroll of fear.
Found a shiny helmet.
The thrashing horror roars!
Found 18 stones.
The thrashing horror roars!
The moth of wrath angrily waves its antennae.
Key pressed, stopping explore.
Found a potion of haste.
Found a shiny helmet and 18 gold pieces.
Found a wavering marble ring.
Found a triangular bronze amulet.
The white imp shouts, "Slither home, thou unhinged earth-vexing maggot-pie!"
The white imp grins evilly.
There is a transporter here.
The cacodemon shouts!
Found a pitted pewter ring.
Found a scroll of fear.
Found a potion of mutation.
Found Ifoarhax's Handbook of the Arsonist and Flight.
The thrashing horror roars!
You hear a roar!
The white imp spits at you.
The death yak bellows!
The death yak bellows!
The death yak bellows! x2
Partly explored, unvisited transporter.
Partly explored, unvisited transporter.
Partly explored, unvisited transporter.
Partly explored, unvisited transporter.
Partly explored, unvisited transporter.
Search for what [Enter for "axe", or ? for help]? .
Unknown command.
There is a transporter here.
There is a transporter here.
You enter the transporter and appear at another place.
The ice devil hits you! The ice devil freezes you. You resist.
You slice the ice devil!! You tail-slap the ice devil!
The white imp gestures at you.
The puff of frost reflects off an invisible shield around you!
The puff of frost hits the white imp.
The white imp resists.
You slash the ice devil!
You kill the ice devil!
The Shining One accepts your kill.
You hit the white imp.
Lightning courses through the white imp!
You kill the white imp!
The Shining One accepts your kill. The blizzard demon gestures at you.
The bolt of cold hits the ice devil.
The ice devil completely resists.
The bolt of cold hits you! You resist. The ice devil hits you!
The ice devil freezes you. You resist.
You completely miss the ice devil. You tail-slap the ice devil.
The ice devil hits you but does no damage.
You hit the ice devil.
You tail-slap the ice devil, but do no damage.
The blizzard demon gestures at you.
The freezing blast engulfs the ice devil.
The ice devil completely resists.
You block the ice devil's attack.
You hit the ice devil.
You radiate an aura of cold.
The ice devil is unaffected.
The blizzard demon is unaffected.
You are engulfed in freezing vapours.
You resist.
The blizzard demon is engulfed in freezing vapours.
You slice the ice devil!! You tail-slap the ice devil!
You are engulfed in freezing vapours.
You resist. The ice devil hits you! The ice devil freezes you. You resist.
You slash the ice devil!
Lightning courses through the ice devil!
You kill the ice devil!
The Shining One accepts your kill.
You are engulfed in freezing vapours.
You resist.
The blizzard demon is engulfed in freezing vapours.
You hit the blizzard demon but do no damage.
You are engulfed in freezing vapours.
You resist. You block the blizzard demon's attack. The blizzard demon hits you!
You slash the blizzard demon! The blizzard demon gestures at you.
The bolt of lightning hits you!!
* * * LOW HITPOINT WARNING * * *
The bolt of lightning hits you!
* * * LOW HITPOINT WARNING * * *
The bolt of lightning hits the blizzard demon.
The blizzard demon completely resists.
Press: ? - help, v - describe, . - travel
Here: a blizzard demon (freezing vapour, lightly wounded, haloed)
The floor.
Activating: Cleansing Flame (8% risk of failure)
Press: ? - help, Dir - look around, f - activate The golden flame engulfs you but does no damage.
The golden flame engulfs the blizzard demon!!!
The blizzard demon writhes in agony!
You radiate an aura of cold.
The blizzard demon is unaffected.
The blizzard demon is engulfed in freezing vapours.
The blizzard demon gestures at you. The bolt of lightning hits you!!!
* * * LOW HITPOINT WARNING * * *
The bolt of lightning hits you!!
You die...

Skill      XL: |  1  2  3  4  5  6  7  8  9 10 11 12 13 14 15 |
---------------+----------------------------------------------+-----
Axes           | 3 4 5 6 8 10 12 14 15 16 | 16.0
Shields        | 3 4 5 6 7 8 9 10 11 | 11.9
Fighting       | 4 5 6 7 9 10 11 12 13 14 | 14.0
Invocations    | 2 6 8 9 |  9.6
Evocations     | 2 5 7 8 |  8.1
Armour         | |  2.4

Action                   |  1- 3 |  4- 6 |  7- 9 | 10-12 | 13-15 || total
-------------------------+-------+-------+-------+-------+-------++-------
Melee: War axe           |    86 |   187 |   259 |   577 |   722 ||  1831
       Tailslap          |     3 |    21 |    49 |   121 |   159 ||   353
       Flail             |       |       |       |     9 |    31 ||    40
Invok: Divine Shield     |       |       |       |     3 |     5 ||     8
       Summon Divine War |       |       |       |       |     1 ||     1
       Cleansing Flame   |       |       |       |       |     6 ||     6
 Abil: Rolling Charge    |     2 |    13 |    32 |    37 |    42 ||   126
Evoke: Wand              |       |     2 |     4 |    14 |       ||    20
  Use: Potion            |       |     1 |       |     8 |     2 ||    11
       Scroll            |       |       |    10 |    13 |     8 ||    31
 Stab: Invisible         |       |     1 |       |       |       ||     1
       Sleeping          |       |     1 |       |       |       ||     1
Armor: Scale mail        |    28 |       |       |   159 |       ||   187
       Robe              |    11 |    60 |    77 |    20 |       ||   168
       Animal skin       |       |       |       |    26 |   194 ||   220
Dodge: Dodged            |    33 |    62 |    68 |   109 |   138 ||   410
Block: Buckler           |    21 |    28 |    75 |   276 |   343 ||   743
       Reflection        |       |       |     1 |    12 |    18 ||    31

Levels and vault maps discovered:
D:1:      heliophobic_arrival_ceremonial_halls, layout_basic,
          shapermc_ecumenical_altar_totnotflames, serial_rivers,
          chequers_serial_rivers_small_b, chequers_serial_rivers_room_a,
          chequers_serial_rivers_large_a, chequers_serial_rivers_small_3
D:2:      layout_loops_cross, uniq_jessica
D:3:      layout_basic, grunt_temple_overflow_champion_of_chaos, serial_shops,
          nicolae_shop_waterfront, uniq_grinder, uniq_natasha
D:4:      layout_loops_ring, chequers_ossuary_entry_cave
D:5:      layout_loops_ring, minmay_temple_entry_fiery, hangedman_glass_teeth,
          sigmund_army, uniq_pikel, uniq_edmund
D:6:      layout_loops_ring, jmf_multi_god_temple
D:7:      minmay_the_grid_four_pointed_star
          [minmay_the_grid_triangle_9x9_windchime,
          minmay_the_grid_triangle_9x9_semitri,
          minmay_the_grid_triangle_9x9_pentomino_pain,
          minmay_the_grid_triangle_9x9_thin_v, minmay_the_grid_prize_big_room],
          layout_basic, grunt_gozag_breadcrumbs, minmay_manual_macuahuitl
D:8:      layout_rooms, mainiacjoe_overflow_alcove_4, uniq_harold
D:9:      layout_stronghold
D:10:     layout_grid_maze, due_lair_maze_entry_diamond, orc_0_dummy,
          minmay_misc_feat_columns
D:11:     layout_loops_corners, gauntlet_entry_generic
Temple:   regret_index_temple_sphere_string
Lair:1:   layout_chaotic_city, nzn_ghost_randoct, grunt_forest_large_clearings,
          lemuel_fruit_tree, serial_bayou_shore_a
Lair:2:   layout_small_grid, minmay_snake_entry_six_corridors,
          portal_ice_cave_entry_pillars_2, maelrawn_ghost_gauntlet_escape
Lair:3:   layout_regular_city
Lair:4:   layout_regular_city, elwin_shoals_entry_rooms,
          chequers_serial_rivers_micro_c, cheibrodos_lair_lostbears,
          infiniplex_staircase_pool
Lair:5:   layout_hall_layers, gammafunk_ghost_split, grunt_megastairs_5
Lair:6:   evil_forest, layout_small_grid, nicolae_slime_entry_slimehenge,
          grunt_megastairs_3
Orc:1:    layout_diamond_mine
Orc:2:    st_orc_ogre_mass, layout_caves, uniq_nessos, uniq_rupert, uniq_jorgrun
Gauntlet: minmay_gauntlet_mixed_oops_all_seconds
          [minmay_gauntlet_arena_77_p_blocks, nicolae_gauntlet_arena_quarters,
          minmay_gauntlet_arena_77_shame_cube, gammafunk_gauntlet_arena_spirals,
          minmay_gauntlet_arena_77_fan, gammafunk_gauntlet_arena_open,
          gauntlet_exit_green]

Notes
Turn   | Place    | Note
-------+----------+-------------------------------------------
     0 | D:1      | MalarOregon the Palentonga Fighter began the quest for the
                  | Orb.
     0 | D:1      | Reached XP level 1. HP: 19/19 MP: 1/1
     4 | D:1      | You pick up a book of Burglary and begin reading...
     4 | D:1      | You add the spells Passwall, Ensorcelled Hibernation and
                  | Swiftness to your library.
   195 | D:1      | Found a faded altar of an unknown god.
   305 | D:1      | Reached XP level 2. HP: 23/25 MP: 2/2
  1201 | D:2      | Identified the +1 robe of a Hundred Persimmons {rElec rN+
                  | Str+4 Archmagi}
  1558 | D:2      | You pick up a book of Changes and begin reading...
  1558 | D:2      | You add the spells Beastly Appendage, Wereblood and Spider
                  | Form to your library.
  1770 | D:2      | Reached XP level 3. HP: 31/31 MP: 3/3
  1837 | D:2      | Noticed Jessica
  1845 | D:2      | Killed Jessica
  1846 | D:2      | Reached skill level 3 in Axes
  2044 | D:2      | You fall into a shaft and drop 1 floor!
  2146 | D:3      | Noticed Natasha
  2148 | D:3      | Killed Natasha
  2149 | D:3      | Reached XP level 4. HP: 38/38 MP: 4/4
  2192 | D:3      | Found Feden's General Store.
  2245 | D:3      | Bought a scroll of identify for 22 gold pieces
  2245 | D:3      | Bought a scroll of identify for 22 gold pieces
  2309 | D:3      | Reached skill level 3 in Shields
  2435 | D:3      | You pick up a book of Chaos and begin reading...
  2435 | D:3      | You add the spells Conjure Ball Lightning, Disjunction and
                  | Discord to your library.
  2527 | D:3      | Noticed Grinder
  2527 | D:3      | Paralysed by Grinder for 7 turns
  2538 | D:3      | Killed Grinder
  2539 | D:3      | Reached skill level 4 in Fighting
  2539 | D:3      | Reached skill level 4 in Axes
  2539 | D:3      | Reached XP level 5. HP: 19/44 MP: 5/5
  2539 | D:3      | Reached XP level 6. HP: 22/51 MP: 6/6
  2773 | D:3      | Found a shimmering altar of Xom.
  2773 | D:3      | Found a burning altar of Makhleb.
  3017 | D:3      | Noticed Natasha
  3019 | D:3      | Killed Natasha
  3020 | D:3      | Reached skill level 5 in Axes
  3026 | D:3      | Noticed Natasha
  3029 | D:3      | Killed Natasha
  3565 | D:4      | Found a sand-covered staircase.
  3572 | Ossuary  | Entered an ossuary
  3916 | Ossuary  | Noticed Menkaure
  3921 | Ossuary  | Killed Menkaure
  3922 | Ossuary  | Reached skill level 4 in Shields
  3922 | Ossuary  | Gained mutation: You curl defensively after being hit. (AC
                  | +7*) [Palentonga growth]
  3922 | Ossuary  | Reached XP level 7. HP: 25/58 MP: 7/7
  4206 | D:4      | Reached skill level 6 in Axes
  4217 | D:4      | Reached skill level 5 in Fighting
  4439 | D:4      | You pick up a book of Transfigurations and begin reading...
  4439 | D:4      | You add the spells Irradiate, Blade Hands and Dragon Form
                  | to your library.
  4977 | D:5      | Entered Level 5 of the Dungeon
  5017 | D:5      | Reached XP level 8. HP: 65/67 MP: 8/8
  5164 | D:5      | Noticed Pikel
  5181 | D:5      | Killed Pikel
  5182 | D:5      | Reached skill level 6 in Fighting
  5182 | D:5      | Reached skill level 7 in Axes
  5182 | D:5      | Reached skill level 5 in Shields
  5228 | D:5      | Reached skill level 8 in Axes
  5517 | D:5      | Noticed Edmund
  5947 | D:5      | Found a staircase to the Ecumenical Temple.
  5953 | Temple   | Entered the Ecumenical Temple
  6071 | Temple   | Became a worshipper of the Shining One
  6660 | D:5      | Killed Edmund
  6661 | D:5      | Reached XP level 9. HP: 41/75 MP: 9/9
  7007 | D:6      | Found a broken altar of Ashenzari.
  7025 | D:6      | Found an iron altar of Okawaru.
  7134 | D:6      | You add the spells Ozocubu's Armour and Ozocubu's
                  | Refrigeration to your library.
  7137 | D:6      | You pick up a book of Callings and begin reading...
  7137 | D:6      | You add the spells Summon Small Mammal, Call Canine
                  | Familiar and Summon Guardian Golem to your library.
  7180 | D:6      | You add the spells Confusing Touch, Anguish and Dispel
                  | Undead to your library.
  7180 | D:6      | Got the Papyrus of Bewitching Sinister Arts
  7231 | D:6      | Reached skill level 9 in Axes
  7562 | D:6      | Reached skill level 7 in Fighting
  7696 | D:6      | Reached * piety under the Shining One
  7928 | D:7      | Reached skill level 6 in Shields
  7965 | D:7      | Found an opulent altar of Gozag.
  8077 | D:7      | Noticed a two-headed ogre
  8077 | D:7      | Noticed a manticore
  8154 | D:7      | Reached skill level 10 in Axes
  8236 | D:7      | Reached ** piety under the Shining One
  8248 | D:7      | Noticed a two-headed ogre
  8253 | D:7      | Killed a two-headed ogre
  8254 | D:7      | Reached XP level 10. HP: 45/85 MP: 10/10
  8510 | D:7      | You pick up a book of Debilitation and begin reading...
  8510 | D:7      | You add the spells Slow and Vampiric Draining to your
                  | library.
  8557 | D:7      | Reached skill level 8 in Fighting
  8612 | D:7      | HP: 18/85 [centaur/arrow (5)]
  8614 | D:7      | Reached skill level 11 in Axes
  9040 | D:7      | Killed a two-headed ogre
  9041 | D:7      | Reached skill level 7 in Shields
  9264 | D:7      | Killed a manticore
  9883 | D:8      | Noticed a two-headed ogre
  9893 | D:8      | Killed a two-headed ogre
 10189 | D:8      | Reached *** piety under the Shining One
 10192 | D:8      | Reached skill level 12 in Axes
 10240 | D:8      | Found a stormy altar of Qazlal.
 10249 | D:8      | Reached skill level 9 in Fighting
 10259 | D:8      | Reached XP level 11. HP: 41/95 MP: 11/11
 10527 | D:8      | Noticed Harold
 10538 | D:8      | Killed Harold
 10808 | D:9      | Noticed a six-headed hydra
 11243 | D:8      | Killed a six-headed hydra
 11880 | D:9      | Noticed a two-headed ogre
 11885 | D:9      | Killed a two-headed ogre
 11886 | D:9      | Reached skill level 8 in Shields
 12544 | D:9      | Reached skill level 13 in Axes
 12749 | D:10     | Entered Level 10 of the Dungeon
 12782 | D:10     | Found a staircase to the Lair.
 13223 | D:10     | Reached skill level 10 in Fighting
 13475 | D:10     | Found a staircase to the Orcish Mines.
 13505 | D:10     | Noticed a two-headed ogre
 13513 | D:10     | HP: 23/96 [two-headed ogre/+0 giant club (4)]
 13514 | D:10     | Killed a two-headed ogre
 13957 | D:10     | Identified 2 scrolls of acquirement
 13966 | Lair:1   | Entered Level 1 of the Lair of Beasts
 14019 | Lair:1   | Reached **** piety under the Shining One
 14470 | Lair:1   | Noticed a five-headed hydra
 14499 | Lair:1   | Killed a five-headed hydra
 14500 | Lair:1   | Reached skill level 14 in Axes
 14500 | Lair:1   | Reached XP level 12. HP: 104/104 MP: 12/12
 14750 | Lair:1   | Reached skill level 9 in Shields
 14827 | Lair:1   | Identified the +6 hunting sling of Breach {speed, rElec
                  | Dex+2}
 15104 | Lair:1   | Found a transporter.
 15106 | Lair:1   | Found a transporter.
 15109 | Lair:1   | Noticed Ashen's ghost (journeyman FoFi)
 15298 | Lair:2   | Found a runed translucent gate.
 15298 | Lair:2   | Found a runed translucent gate.
 15298 | Lair:2   | Found a runed translucent gate.
 15299 | Lair:2   | Noticed a minotaur
 15324 | Lair:2   | Noticed SHADDY's ghost (journeyman DDFi)
 15342 | Lair:2   | Reached skill level 11 in Fighting
 15345 | Lair:2   | HP: 39/160 [water moccasin (6)]
 15350 | Lair:2   | HP: 32/160 [poisoned by a water moccasin]
 15355 | Lair:2   | HP: 15/107 [poisoned by a water moccasin]
 15401 | Lair:2   | You pick up a book of Party Tricks and begin reading...
 15401 | Lair:2   | You add the spells Apportation and Alistair's Intoxication
                  | to your library.
 15455 | Lair:2   | Found a staircase to the Snake Pit.
 15512 | Lair:2   | Reached skill level 15 in Axes
 15622 | Lair:2   | Found a frozen archway.
 15630 | IceCv    | Entered an ice cave
 15753 | IceCv    | HP: 6/107 [ice devil (22)]
 15755 | IceCv    | The Shining One protects you from harm!
 15758 | IceCv    | HP: 25/107 [naga simulacrum (9)]
 16775 | IceCv    | Found the +4 skin of Zhor {*Englaciate rC+++ SInv}
 16775 | IceCv    | Noticed a reaper
 16783 | IceCv    | HP: 13/107 [reaper/+4 scythe of freezing (15)]
 16784 | IceCv    | Killed a reaper
 16788 | IceCv    | You pick up a book of the Tundra and begin reading...
 16788 | IceCv    | You add the spells Hailstorm, Ice Form and Simulacrum to
                  | your library.
 17148 | IceCv    | Reached skill level 1 in Invocations
 17245 | IceCv    | Reached ***** piety under the Shining One
 17252 | IceCv    | Reached skill level 1 in Evocations
 17254 | IceCv    | HP: 23/107 [anaconda simulacrum (5)]
 17264 | IceCv    | HP: 7/107 [dire elephant simulacrum (13)]
 17488 | IceCv    | Reached skill level 2 in Invocations
 17900 | IceCv    | Reached skill level 2 in Evocations
 18242 | Lair:2   | Reached XP level 13. HP: 113/113 MP: 14/14
 18420 | Lair:2   | Killed a minotaur
 18428 | Lair:2   | Killed SHADDY's ghost
 18429 | Lair:2   | Reached skill level 3 in Invocations
 18553 | Lair:3   | You add the spells Sting, Poisonous Vapours and Olgreb's
                  | Toxic Radiance to your library.
 18561 | Lair:3   | You pick up a book of Lightning and begin reading...
 18561 | Lair:3   | You add the spells Static Discharge, Lightning Bolt and
                  | Maxwell's Capacitive Coupling to your library.
 19468 | Lair:4   | Reached skill level 3 in Evocations
 19862 | Lair:4   | Reached skill level 16 in Axes
 19866 | Lair:4   | Reached skill level 10 in Shields
 19866 | Lair:4   | Reached skill level 4 in Invocations
 20490 | Lair:4   | Found a staircase to the Shoals.
 20499 | Lair:4   | Reached skill level 12 in Fighting
 20695 | Lair:5   | Reached skill level 4 in Evocations
 20823 | Lair:5   | Reached skill level 5 in Invocations
 21970 | Lair:5   | Noticed Vig Uhad's ghost (journeyman OpTm)
 21971 | Lair:5   | Found a runed translucent gate.
 21972 | Lair:5   | Found a runed translucent gate.
 21973 | Lair:5   | Found a runed translucent gate.
 22404 | Lair:5   | Killed Vig Uhad's ghost
 22405 | Lair:5   | Reached skill level 5 in Evocations
 22512 | Lair:6   | Entered Level 6 of the Lair of Beasts
 22516 | Lair:6   | Found a staircase to the Slime Pits.
 22594 | Lair:5   | Reached skill level 6 in Invocations
 22888 | Lair:5   | Reached XP level 14. HP: 85/124 MP: 18/18
 23668 | Lair:6   | Reached skill level 7 in Invocations
 23687 | Lair:6   | HP: 28/124 [death yak (10)]
 23694 | Lair:6   | Reached skill level 6 in Evocations
 23695 | Lair:6   | HP: 18/124 [death yak (8)]
 23697 | Lair:6   | Reached skill level 13 in Fighting
 23697 | Lair:6   | Reached skill level 11 in Shields
 23753 | Lair:6   | HP: 29/126 [blink frog (7)]
 24288 | Lair:6   | Found a burning altar of Makhleb.
 24326 | Lair:6   | Found a gateway to Hell.
 24886 | Lair:6   | Reached skill level 8 in Invocations
 25552 | Orc:1    | Entered Level 1 of the Orcish Mines
 25801 | Orc:2    | Entered Level 2 of the Orcish Mines
 25801 | Orc:2    | Found a staircase to the Elven Halls.
 25805 | Orc:2    | Noticed Nessos
 25898 | Orc:2    | Noticed Jorgrun
 26381 | Orc:2    | Killed Nessos
 26400 | Orc:1    | Killed Jorgrun
 26401 | Orc:1    | Reached skill level 7 in Evocations
 26870 | Orc:2    | HP: 30/126 [two-headed ogre/+0 giant club (8)]
 27715 | Orc:2    | Reached XP level 15. HP: 110/133 MP: 21/21
 27724 | Orc:2    | Reached skill level 9 in Invocations
 27728 | Orc:2    | HP: 23/133 [two-headed ogre/+0 giant club (15)]
 27730 | Orc:2    | HP: 11/133 [two-headed ogre/+0 giant club (10)]
 28280 | Orc:2    | HP: 31/133 [two-headed ogre/+0 giant club (26)]
 28819 | Orc:2    | Noticed Rupert
 28830 | Orc:2    | Killed Rupert
 29165 | Orc:2    | Found Aqaqero's Antique Weapon Shop.
 29165 | Orc:2    | Found Horireda's Distillery.
 29166 | Orc:2    | Found Liguen's Armour Shoppe.
 29166 | Orc:2    | Found Pesem's Assorted Antiques.
 29197 | Orc:2    | Reached skill level 14 in Fighting
 29197 | Orc:2    | Reached skill level 8 in Evocations
 29410 | Orc:2    | Bought an iridescent war axe for 246 gold pieces
 29410 | Orc:2    | Identified the +6 war axe of Trauma {vorpal, rF+} (You
                  | bought it in a shop on level 2 of the Orcish Mines)
 29411 | Orc:2    | Bought a potion of mutation for 120 gold pieces
 29411 | Orc:2    | Bought a potion of brilliance for 60 gold pieces
 29411 | Orc:2    | Bought a potion of ambrosia for 120 gold pieces
 29411 | Orc:2    | Bought a potion of heal wounds for 75 gold pieces
 29411 | Orc:2    | Bought a potion of might for 60 gold pieces
 29411 | Orc:2    | Bought a potion of heal wounds for 75 gold pieces
 29411 | Orc:2    | Bought a potion of lignification for 45 gold pieces
 29411 | Orc:2    | Bought a potion of magic for 120 gold pieces
 29411 | Orc:2    | Bought a potion of haste for 150 gold pieces
 29411 | Orc:2    | Bought a potion of might for 60 gold pieces
 29412 | Orc:2    | Bought a dark potion for 28 gold pieces
 29412 | Orc:2    | Bought 2 potions of mutation for 512 gold pieces
 29412 | Orc:2    | Bought a dark potion for 28 gold pieces
 29937 | D:3      | Bought a potion of might for 44 gold pieces
 30475 | D:11     | Found a gate leading to a gauntlet.
 30481 | Gauntlet | Entered a Gauntlet
 30481 | Gauntlet | Found a transporter.
 30516 | Gauntlet | Found a runed translucent door.
 30518 | Gauntlet | Found a transporter.
 30521 | Gauntlet | Found a runed translucent door.
 30535 | Gauntlet | Found a transporter.
 30539 | Gauntlet | Found a transporter.
 30560 | Gauntlet | Found a transporter.
 30573 | Gauntlet | Found a transporter.
 30583 | Gauntlet | Found a transporter.
 30614 | Gauntlet | Found a transporter.
 30614 | Gauntlet | Found a transporter.
 30624 | Gauntlet | Found a transporter.
 30651 | Gauntlet | Found a transporter.
 30651 | Gauntlet | Found a transporter.
 30728 | Gauntlet | HP: 1/134 [blizzard demon/bolt of lightning (36)]
 30728 | Gauntlet | Killed from afar by a blizzard demon

Vanquished Creatures
  Rupert (Orc:2)
  Jorgrun (Orc:1)
  A reaper (IceCv)
  Nessos (Orc:2)
  The ghost of Vig Uhad the Martial Artist, a journeyman OpTm of Cheibriados (Lair:5)
  Harold (D:8)
  4 ogre magi
  A hell beast (Lair:6)
  7 hydras
  12 death yaks
  21 two-headed ogres
  A wizard (Lair:6)
  Pikel (D:5)
  2 oklob plants
  9 elephants (Lair:6)
  A manticore (D:7)
  A cyclops (D:11)
  A merfolk siren (Lair:4)
  4 black mambas
  A torpor snail (Lair:4)
  2 ice statues (IceCv)
  4 orange demons (Lair:6)
  An unseen horror (D:10)
  5 rime drakes
  13 cane toads
  4 anaconda simulacra (IceCv)
  9 ice devils
  A hellwing (Lair:6)
  12 komodo dragons
  2 entropy weaver simulacra (IceCv)
  A red devil (Lair:6)
  7 polar bears
  4 trolls
  17 blink frogs
  Grinder (D:3)
  5 dream sheep (Lair:5)
  A vampire (D:7)
  10 wyverns
  3 wraiths (D:7)
  20 yaks
  2 dire elephant simulacra (IceCv)
  2 steam dragons
  2 basilisks
  Menkaure (Ossuary)
  2 harpy simulacra (IceCv)
  Edmund (D:5)
  25 water moccasins
  4 hell hounds (Lair:6)
  16 orc warriors
  2 sky beasts
  An ice beast (D:7)
  A hornet zombie (D:8)
  5 black bears
  26 ogres
  3 necrophages
  28 wolves
  11 centaurs
  A phantom (D:5)
  A kobold brigand (D:8)
  14 bullfrogs
  A wyvern skeleton (D:7)
  5 scorpions
  10 killer bees (D:9)
  2 electric eels
  8 wights
  A crimson imp (D:3)
  2 bullfrog zombies
  6 centaur zombies
  2 bullfrog skeletons
  A hound (D:5)
  3 jellies
  3 centaur skeletons
  A gnoll shaman (D:4)
  10 orc priests
  Jessica (D:2)
  Natasha (thrice) (D:3)
  5 iguanas
  5 hell rats
  22 orc wizards
  A spriggan simulacrum (IceCv)
  A wolf simulacrum (IceCv)
  3 mummies (Ossuary)
  2 howler monkey zombies (D:6)
  2 howler monkey skeletons
  5 adders
  13 gnolls
  A naga simulacrum (IceCv)
  2 shadow imps
  8 white imps
  A worm (D:4)
  2 dart slugs
  51 orcs
  3 bats
  12 endoplasms
  3 giant cockroaches
  5 gnoll zombies (Ossuary)
  10 goblins
  3 hobgoblins
  2 jackals (D:4)
  2 ball pythons
  3 frilled lizards
  9 gnoll skeletons (Ossuary)
  2 goblin skeletons (Ossuary)
  2 goblin zombies (Ossuary)
  4 hobgoblin skeletons (Ossuary)
  7 hobgoblin zombies (Ossuary)
  12 kobolds
  5 kobold skeletons (Ossuary)
  2 kobold zombies (Ossuary)
  4 orc skeletons (Ossuary)
  7 orc zombies (Ossuary)
  7 rats
  A rat skeleton (Ossuary)
  2 rat zombies (Ossuary)
632 creatures vanquished.

Vanquished Creatures (collateral kills)
  A minotaur (Lair:2)
  The ghost of SHADDY the Cleaver, a journeyman DDFi of Ru (Lair:2)
  A rime drake (Lair:2)
  A polar bear (Lair:2)
4 creatures vanquished.

Vanquished Creatures (others)
  47 fungi
  60 plants
107 creatures vanquished.

Grand Total: 743 creatures vanquished

Table legend:
 A = Non-vault XP
 B = Vault XP
 C = Vault XP percentage of total XP
 D = Non-vault monster count
 E = Vault monster count
 F = Vault count percentage of total count
                 A         B        C        D         E       F
            +---------+---------+-------+---------+---------+-------
      Total |   48995 |   69348 |  58.6 |     360 |     276 |  43.4
            +---------+---------+-------+---------+---------+-------
        D:1 |      25 |       0 |   0.0 |      16 |       0 |   0.0
        D:2 |      19 |      37 |  66.1 |      11 |       1 |   8.3
        D:3 |     103 |     354 |  77.5 |      19 |       3 |  13.6
        D:4 |     534 |       0 |   0.0 |      25 |       0 |   0.0
        D:5 |     669 |     801 |  54.5 |      19 |       4 |  17.4
        D:6 |     757 |     143 |  15.9 |      19 |       2 |   9.5
        D:7 |     820 |    4266 |  83.9 |      12 |      31 |  72.1
        D:8 |    3690 |     868 |  19.0 |      32 |       1 |   3.0
        D:9 |    2150 |       0 |   0.0 |      28 |       0 |   0.0
       D:10 |    2570 |    1267 |  33.0 |      19 |       9 |  32.1
       D:11 |    1063 |       0 |   0.0 |       6 |       0 |   0.0
     Lair:1 |    3837 |    2794 |  42.1 |      15 |      24 |  61.5
     Lair:2 |    2872 |    5295 |  64.8 |      10 |      16 |  61.5
     Lair:3 |    2371 |       0 |   0.0 |       9 |       0 |   0.0
     Lair:4 |    7025 |    1696 |  19.4 |      31 |       5 |  13.9
     Lair:5 |    9270 |    5196 |  35.9 |      24 |      14 |  36.8
     Lair:6 |    8161 |   15192 |  65.1 |      19 |      44 |  69.8
      Orc:1 |     912 |    4662 |  83.6 |      18 |       7 |  28.0
      Orc:2 |    2147 |   18870 |  89.8 |      28 |      34 |  54.8
    Ossuary |       0 |     284 | 100.0 |       0 |      54 | 100.0
      IceCv |       0 |    6941 | 100.0 |       0 |      24 | 100.0
   Gauntlet |       0 |     682 | 100.0 |       0 |       3 | 100.0
            +---------+---------+-------+---------+---------+-------

Illustrated notes

Table legend:
 A = Kills in this place as a percentage of kills in entire the game.
 B = Kills by you in this place as a percentage of kills by you in the entire game.
 C = Kills by friends in this place as a percentage of kills by friends in the entire game.
 D = Other kills in this place as a percentage of other kills in the entire game.
 E = Experience gained in this place as a percentage of experience gained in the entire game.
 F = Experience gained in this place divided by the number of levels of this place that you have seen.
                   A       B       C       D       E      F
               +-------+-------+-------+-------+-------+----------------------
         Total | 100.0 | 100.0 | 100.0 |   N/A | 100.0 | 5145.3
       Dungeon |  40.4 |  40.7 |   0.0 |   N/A |  17.0 | 1830.5
          Lair |  33.2 |  32.8 | 100.0 |   N/A |  53.8 | 10618.2
  Orcish Mines |  13.7 |  13.8 |   0.0 |   N/A |  22.5 | 13295.5
       Ossuary |   8.5 |   8.5 |   0.0 |   N/A |   0.2 | 284.0
      Ice Cave |   3.8 |   3.8 |   0.0 |   N/A |   5.9 | 6941.0
      Gauntlet |   0.5 |   0.5 |   0.0 |   N/A |   0.6 | 682.0
               +-------+-------+-------+-------+-------+----------------------

Table legend: (Time is in decaauts)
 A = Elapsed time spent in this place.
 B = Non-inter-level travel time spent in this place.
 C = Inter-level travel time spent in this place.
 D = Time resting spent in this place.
 E = Time spent auto-exploring this place.
 F = Levels seen in this place.
 G = Mean time per level.
                   A        B        C        D        E       F      G
               +--------+--------+--------+--------+--------+-----+--------+
         Total |  30676 |  29493 |   1183 |   8808 |  15926 |  23 | 1333.7 |
       Dungeon |  14041 |  13273 |    768 |   2559 |   8565 |  11 | 1276.5 |
        Temple |    171 |    144 |     27 |      0 |    127 |   1 |  171.0 |
          Lair |   8998 |   8670 |    328 |   1990 |   5227 |   6 | 1499.7 |
  Orcish Mines |   4194 |   4135 |     59 |   2167 |   1454 |   2 | 2097.0 |
       Ossuary |    612 |    612 |      0 |    169 |    197 |   1 |  612.0 |
      Ice Cave |   2413 |   2413 |      0 |   1923 |    170 |   1 | 2413.0 |
      Gauntlet |    243 |    243 |      0 |      0 |    186 |   1 |  243.0 |
               +--------+--------+--------+--------+--------+-----+--------+

Top non-repeatable levels by time:
     D:7: 2648 daAuts
   IceCv: 2413 daAuts
   Orc:1: 2398 daAuts
  Lair:5: 2261 daAuts
  Lair:6: 2071 daAuts
   Orc:2: 1795 daAuts
     D:5: 1784 daAuts
  Lair:4: 1589 daAuts
     D:9: 1340 daAuts
     D:4: 1332 daAuts
  Lair:1: 1322 daAuts
    D:10: 1287 daAuts
     D:1: 1209 daAuts
     D:3: 1207 daAuts
     D:8: 1112 daAuts
